 Dungeon Crawl Stone Soup version 0.17.1-1-g73c8601 (webtiles) character file.

5572 PossumBlood the Carver (level 10, -2/97 HPs)
             Began as a Minotaur Fighter on Dec 22, 2015.
             Was an Elder of Okawaru.
             Blown up by Maurice (20 damage)
             ... with a wand of disintegration
             ... on level 9 of the Dungeon.
             The game lasted 00:22:13 (8466 turns).

PossumBlood the Carver (Minotaur Fighter)           Turns: 8466, Time: 00:22:13

Health: -2/97      AC: 19    Str: 24    XL:     10   Next: 44%
Magic:  9/9        EV:  5    Int:  5    God:    Okawaru [****..]
Gold:   460        SH: 14    Dex: 10    Spells: 0 memorised, 9 levels left

rFire  . . .     SeeInvis .     a - +1 long sword
rCold  . . .     Clarity  .     b - +0 scale mail
rNeg   + + .     SustAt   .     y - +0 large shield
rPois  .         Gourm    .     (helmet restricted)
rElec  .         Spirit   .     S - +1 cloak
rCorr  .         Warding  +     B - +1 pair of gloves
rMut   .         Stasis   .     F - +2 pair of boots
MR     .....                    s - amulet of warding
Stlth  ..........               h - ring of positive energy
                                R - +5 ring of protection

@: not resistant to hostile enchantments, extremely unstealthy
A: retaliatory headbutt, horns 2
a: Heroism, Renounce Religion


You were on level 9 of the Dungeon.
You worshipped Okawaru.
Okawaru was greatly pleased with you.
You were not hungry.

You visited 2 branches of the dungeon, and saw 11 of its levels.
You also visited: Sewer.

You collected 460 gold pieces.

Inventory:

Hand Weapons
 a - a +1 long sword (weapon)
 N - a +5 rapier
Armour
 b - a +0 scale mail (worn)
 y - a +0 large shield (worn)
 B - a +1 pair of gloves (worn)
 F - a +2 pair of boots (worn)
 S - a +1 cloak (worn)
Jewellery
 h - a ring of positive energy (right hand)
 s - an amulet of warding (around neck)
 P - an uncursed ring of protection from cold
 R - a +5 ring of protection (left hand)
Wands
 l - a wand of teleportation (3)
 L - a wand of teleportation (3)
 M - a wand of teleportation (3)
Scrolls
 c - a scroll of fog
 g - 4 scrolls of fear
 i - 2 scrolls of enchant armour
 m - a scroll of identify
 o - a scroll of blinking
 r - 4 scrolls of teleportation
 u - 3 scrolls of magic mapping
 x - 7 scrolls of remove curse
 E - 2 scrolls of enchant weapon
Potions
 d - a potion of might
 j - 3 potions of agility
 q - a potion of brilliance {unknown}
 t - 2 potions of flight
 v - 2 potions of heal wounds
 w - a potion of ambrosia {unknown}
 z - a potion of degeneration {unknown}
 A - a potion of beneficial mutation {unknown}
 D - a potion of mutation
 G - a potion of resistance
Books
 f - a book of Clouds

   Spells                             Type                      Level
   a - Mephitic Cloud                 Conjuration/Poison/Air       3
   b - Conjure Flame                  Conjuration/Fire             3
   c - Poisonous Cloud                Conjuration/Poison/Air       6
   d - Freezing Cloud                 Conjuration/Ice/Air          6
   e - Ring of Flames                 Charms/Fire                  7
 C - a book of the Earth

   Spells                             Type                      Level
   a - Leda's Liquefaction            Hexes/Earth                  4
   b - Bolt of Magma                  Conjuration/Fire/Earth       5
   c - Statue Form                    Transmutation/Earth          6
   d - Iron Shot                      Conjuration/Earth            6
   e - Shatter                        Earth                        9
 J - a book of Callings

   Spells                             Type                      Level
   a - Summon Small Mammal            Summoning                    1
   b - Call Imp                       Summoning                    2
   c - Call Canine Familiar           Summoning                    3
   d - Summon Guardian Golem          Hexes/Summoning              3
   e - Summon Lightning Spire         Summoning/Air                4
   f - Summon Ice Beast               Ice/Summoning                4
Miscellaneous
 Q - an ornate deck of defence {the Banshee}
Comestibles
 k - a meat ration
 n - 2 bread rations
 p - a beef jerky


   Skills:
 * Level 12.1 Fighting
 - Level 14.0 Long Blades
 - Level 3.6 Armour
 - Level 3.6 Shields


You had 9 spell levels left.
You didn't know any spells.

Dungeon Overview and Level Annotations

Branches:
Dungeon (10/15)            Temple (1/1) D:4            Lair (0/8) D:8
    Orc: D:9-12

Altars:
Ashenzari
Fedhas
Gozag
Kikubaaqudgha
Makhleb
Okawaru
Qazlal
Ru
Trog
Vehumet
Xom
Yredelemnul
The Shining One

Shops:
D:4 [   D:5 [   D:6 [   D:9 (

Annotations:
D:9 Maurice


Innate Abilities, Weirdness & Mutations

You reflexively headbutt those who attack you in melee.
You have a pair of horns on your head.


Message History

You hear some strange, mumbled words.
You miss something. Something hits you but does no damage.
You closely miss something. Your headbutt misses something.
Something hits you but does no damage.
You hit something. You headbutt something.
Something hits you but does no damage.
You closely miss something. Your headbutt misses something.
You hear a zap.
You are blasted!
* * * LOW HITPOINT WARNING * * *
Drink which item? (? for menu, Esc to quit)
You feel much better.
You hear a zap.
You are blasted!
* * * LOW HITPOINT WARNING * * *
You miss something. Something hits you but does no damage.
You miss something.
You hear a zap.
You are blasted!
You die...

##.###...# #.....###..#
#..... ##....#..##
###.....#.## #.##..
#.......## ###..##...# ..
##. ##....#.##
#....##.### #.
###.....###..##.##.# #.
#####.#.....# #))..##
###.
#∩...<.....#####....#
##...
#............#......# .#
#....
#.........##.{@.....##..#
##...
#.........##............#
###.
#..(......###....#..#..##
..... ###########
####.....>## #...).
###....# #..... #......
#..... ..............
#.......#..... #########
####


There were no monsters in sight!

Vanquished Creatures
  2 hill giants (D:10)
  A troll (D:9)
  Sigmund (D:5)
  A hungry ghost (D:8)
  A hippogriff (D:7)
  2 sky beasts
  Purgy (Sewer)
  2 orc warriors (D:9)
  2 black bears
  2 ogres
  2 centaurs
  4 ice beasts
  The ghost of Thrillho the Cutter, an amateur KoBe of Trog (D:3)
  5 big kobolds
  A water moccasin zombie (D:8)
  4 giant frogs
  3 scorpions
  8 killer bees
  An electric eel (D:8)
  4 crimson imps
  A giant frog zombie (D:6)
  2 centaur skeletons
  A jelly (D:9)
  8 orc priests
  A giant frog skeleton (D:4)
  5 hounds
  8 orc wizards
  7 worker ants
  A hound zombie (D:6)
  8 adders
  3 gnolls (D:7)
  A shadow imp (D:5)
  2 oozes
  5 worms
  3 giant geckos
  32 orcs
  3 ball pythons
  4 bats
  12 giant cockroaches
  16 goblins
  14 hobgoblins
  A giant gecko skeleton (D:6)
  3 giant newts
  11 jackals
  A jackal skeleton (D:4)
  31 kobolds
  4 quokkas
  A quokka skeleton (D:8)
  A quokka zombie (D:8)
  7 rats
  A spectral orc (D:8)
246 creatures vanquished.

Notes
Turn   | Place    | Note
--------------------------------------------------------------
     0 | D:1      | PossumBlood the Minotaur Fighter began the quest for the Orb.
     0 | D:1      | Reached XP level 1. HP: 19/19 MP: 0/0
   200 | D:1      | Reached XP level 2. HP: 26/26 MP: 1/1
   499 | D:1      | Reached skill level 4 in Long Blades
  1027 | D:2      | Reached XP level 3. HP: 28/31 MP: 2/2
  1213 | D:2      | Found a shimmering altar of Xom.
  1238 | D:2      | Found a bloodstained altar of Trog.
  1256 | D:2      | Reached skill level 5 in Long Blades
  1324 | D:2      | Reached XP level 4. HP: 32/39 MP: 3/3
  1682 | D:2      | Found an opulent altar of Gozag.
  1682 | D:2      | Found a radiant altar of Vehumet.
  1988 | D:3      | Reached skill level 6 in Long Blades
  2046 | D:3      | Noticed Thrillho's ghost (amateur KoBe)
  2056 | D:3      | Killed Thrillho's ghost
  2056 | D:3      | Reached skill level 7 in Long Blades
  2056 | D:3      | Reached XP level 5. HP: 28/45 MP: 4/4
  2330 | D:3      | Found a stormy altar of Qazlal.
  2831 | D:4      | Found Zyqasel's Armour Shoppe.
  2866 | D:4      | Reached skill level 8 in Long Blades
  2866 | D:4      | Reached XP level 6. HP: 40/51 MP: 5/5
  3094 | D:4      | Reached skill level 9 in Long Blades
  3142 | D:4      | Reached XP level 7. HP: 55/57 MP: 6/6
  3241 | D:4      | Found a staircase to the Ecumenical Temple.
  3351 | Temple   | Entered the Ecumenical Temple
  3384 | Temple   | Became a worshipper of Warmaster Okawaru
  3538 | D:5      | Entered Level 5 of the Dungeon
  3541 | D:5      | Noticed Sigmund
  3551 | D:5      | Killed Sigmund
  3551 | D:5      | Reached skill level 10 in Long Blades
  3796 | D:5      | Found Saziyd's Antique Armour Shoppe.
  3963 | D:5      | Reached * piety under Okawaru
  4080 | D:5      | Reached skill level 11 in Long Blades
  4325 | D:5      | Reached XP level 8. HP: 44/64 MP: 7/7
  4465 | D:6      | Found a glowing drain.
  4482 | Sewer    | Entered a sewer
  4613 | Sewer    | Noticed Purgy
  4628 | Sewer    | Killed Purgy
  4716 | D:6      | Reached skill level 12 in Long Blades
  4815 | D:6      | Found a glowing golden altar of the Shining One.
  4844 | D:6      | Reached ** piety under Okawaru
  5004 | D:6      | Reached skill level 13 in Long Blades
  5362 | D:6      | Found Goavoeh's Armour Emporium.
  5498 | D:7      | Found a shattered altar of Ashenzari.
  5578 | D:7      | Reached XP level 9. HP: 40/70 MP: 8/8
  5890 | D:7      | Reached skill level 14 in Long Blades
  6167 | D:7      | You fall through a shaft for 3 floors!
  6167 | D:10     | Entered Level 10 of the Dungeon
  6167 | D:10     | Noticed a hill giant
  6173 | D:10     | Killed a hill giant
  6173 | D:10     | Reached *** piety under Okawaru
  6378 | D:10     | Noticed a hill giant
  6390 | D:10     | Killed a hill giant
  6461 | D:8      | Reached **** piety under Okawaru
  6471 | D:8      | Found a staircase to the Lair.
  6777 | D:7      | Reached XP level 10. HP: 80/93 MP: 9/9
  6832 | D:7      | Reached skill level 10 in Fighting
  7523 | D:8      | Found a basalt altar of Yredelemnul.
  8397 | D:9      | Found Aplus's Antique Weapon Boutique.
  8421 | D:9      | Noticed Maurice
  8466 | D:9      | Blown up by Maurice

Action                   |  1- 3 |  4- 6 |  7- 9 | 10-12 || total
-------------------------+-------+-------+-------+-------++-------
Melee: Long sword        |   104 |   151 |   408 |   177 ||   840
  Use: Potion            |       |     1 |     1 |     1 ||     3
       Scroll            |       |       |       |    17 ||    17
  Eat: Bread ration      |     1 |       |     1 |       ||     2
       Meat ration       |       |     1 |       |       ||     1
       Fruit             |       |       |     8 |     2 ||    10
       Beef jerky        |       |       |       |     2 ||     2
       Royal jelly       |       |       |       |     1 ||     1
